 Dungeon Crawl Stone Soup version 0.27-a0-1202-ge72e49191c (webtiles) character file.

Game seed: 7425713792952144792

98 bande the Shield-Bearer (level 4, 0/28 HPs)
             Began as a Gargoyle Fighter on June 4, 2021.
             Killed from afar by an orc wizard (1 damage)
             ... with a magic dart
             ... on level 2 of the Dungeon.
             The game lasted 00:03:25 (2749 turns).

bande the Shield-Bearer (Gargoyle Fighter)          Turns: 2749, Time: 00:03:25

Health: 0/28       AC: 10    Str: 19    XL:     4   Next: 71%
Magic:  4/4        EV:  7    Int:  9    God:
Gold:   109        SH: 10    Dex: 10    Spells: 3/3 levels left

rFire    . . .     SeeInvis .   a - +0 war axe
rCold    . . .     Faith    .   c - +1 kite shield
rNeg     + . .     Spirit   .   b - +0 scale mail
rPois    ∞         Reflect  .   (no helmet)
rElec    +         Harm     .   (no cloak)
rCorr    .         Rampage  .   (no gloves)
Will     .....                  (no boots)
Stlth    ..........             (no amulet)
HPRegen  0.09/turn              (no ring)
MPRegen  0.09/turn              (no ring)

@: mighty
A: sickness immunity, AC +3, negative energy resistance 1, electricity
resistance, torment resistance 1, petrification resistance
a: no special abilities


You were on level 2 of the Dungeon.
You visited 1 branch of the dungeon, and saw 3 of its levels.

You collected 109 gold pieces.

Inventory:

Hand Weapons
 a - a +0 war axe (weapon)
Armour
 b - a +0 scale mail (worn)
 c - a +1 kite shield (worn)
Scrolls
 e - a scroll of teleportation
 f - a scroll of enchant armour
Potions
 i - a potion of haste


   Skills:
 + Level 3.5 Fighting
 + Level 2.9 Axes
 + Level 3.9 Armour
 + Level 0.4 Dodging
 + Level 4.1 Shields


You had 3 spell levels left.
You didn't know any spells.
Your spell library was empty.

Dungeon Overview and Level Annotations

Branches:
Dungeon (3/15)

Altars:

Shops:
D:1 (


Innate Abilities, Weirdness & Mutations

You are immune to sickness and miasma.
Your stone body is resilient. (AC +3)
You are immune to poison.
You resist negative energy. (rN+)
You are resistant to electric shocks. (rElec)
You are resistant to unholy torment.
You are immune to petrification.


Message History

Something hits you but does no damage. The adder bites you.
Something hits you but does no damage. The adder bites you but does no damage.
Things that are here:
a +0 ring mail; a +0 falchion You miss something.
You closely miss the adder. The adder bites you but does no damage.
Something hits you but does no damage. The adder bites you but does no damage.
Something hits you.
* * * LOW HITPOINT WARNING * * *
You barely miss something. You closely miss the adder.
You block the adder's attack. Something hits you but does no damage.
The adder closely misses you.
You miss something. You closely miss the adder.
Something hits you but does no damage. The adder closely misses you.
You hear some strange, mumbled words.
You are confused.
The adder closely misses you. Something hits you.
* * * LOW HITPOINT WARNING * * *
You miss something. You closely miss the adder.
The adder bites you but does no damage.
You hear some strange, mumbled words.
A magic dart appears from out of thin air!
The magic dart hits you.
* * * LOW HITPOINT WARNING * * *
The adder bites you but does no damage. Something hits you.
* * * LOW HITPOINT WARNING * * *
It was a potion of haste.
You feel yourself speed up. The adder barely misses you.
Something hits you but does no damage. The adder bites you but does no damage.
It was a potion of cancellation.
Your magical effects are unravelling.
You feel magically purged.
You feel yourself slow down.
You feel less confused.
You feel very mighty all of a sudden. The adder bites you but does no damage.
You hear some strange, mumbled words.
A magic dart appears from out of thin air!
The magic dart hits you.
You die...

......#....#####.#.####.#
#.....+.......##.#......#
......#....##.##.########
...............#.#
............####.#
#...........# #.#
...###......####.# ##.#
##..........#
...####.........@#
#..............{S#
................>#
...........####)##
#....###...####.#########
........................#
.............##.#######.#
.............##.# #.#
.............##.# #.#


You could see an adder.

Vanquished Creatures
  A gnoll (D:1)
  3 adders
  2 worms (D:2)
  4 orcs
  5 ball pythons
  4 endoplasms
  3 giant cockroaches
  4 goblins (D:1)
  5 hobgoblins
  A jackal (D:2)
  A quokka (D:1)
  A bat (D:1)
  3 frilled lizards
  9 kobolds
  4 rats
50 creatures vanquished.

Notes
Turn   | Place    | Note
-------+----------+-------------------------------------------
     0 | D:1      | bande the Gargoyle Fighter began the quest for the Orb.
     0 | D:1      | Reached XP level 1. HP: 14/14 MP: 1/1
    47 | D:1      | Reached XP level 2. HP: 17/19 MP: 2/2
   303 | D:1      | Found a faded altar of an unknown god.
   475 | D:1      | Reached XP level 3. HP: 23/23 MP: 3/3
   576 | D:1      | Found Tejodghau's Antique Weapon Boutique.
  1406 | D:1      | Reached XP level 4. HP: 14/28 MP: 4/4
  1661 | D:2      | Reached skill level 4 in Shields
  2746 | D:2      | HP: 1/28 [something (1)]
  2749 | D:2      | Killed from afar by an orc wizard

Illustrated notes

Levels and vault maps discovered:
D:1:      dpeg_arrival_court, layout_basic, chequers_ecumenical_altar_simple,
          serial_shops, nicolae_shop_crystal, grunt_decor_fettered
D:2:      layout_basic, minmay_misc_feat_tiny
D:3:      layout_rooms, serial_shops, shop, shop_statue, minmay_misc_feat_rows,
          uniq_jessica, uniq_robin

Skill      XL: |  1  2  3  4 |
---------------+-------------+-----
Axes           | 2 |  2.9
Shields        | 4 |  4.1
Fighting       | |  3.5
Armour         | |  3.9
Dodging        | |  0.4

Action                   |  1- 3 |  4- 6 || total
-------------------------+-------+-------++-------
Melee: War axe           |   104 |    67 ||   171
  Use: Potion            |     1 |     3 ||     4
       Scroll            |       |     3 ||     3
Armor: Scale mail        |    77 |    53 ||   130
Dodge: Dodged            |    26 |    31 ||    57
Block: Kite shield       |    61 |    50 ||   111

Table legend: (Time is in decaauts)
 A = Elapsed time spent in this place.
 B = Non-inter-level travel time spent in this place.
 C = Inter-level travel time spent in this place.
 D = Time resting spent in this place.
 E = Time spent auto-exploring this place.
 F = Levels seen in this place.
 G = Mean time per level.
                   A        B        C        D        E       F      G
               +--------+--------+--------+--------+--------+-----+--------+
         Total |   2852 |   2815 |     37 |    518 |   1786 |   3 |  950.7 |
       Dungeon |   2852 |   2815 |     37 |    518 |   1786 |   3 |  950.7 |
               +--------+--------+--------+--------+--------+-----+--------+

Top non-repeatable levels by time:
     D:2: 1449 daAuts
     D:1: 1389 daAuts
     D:3: 13 daAuts
